AoeStats
← Tutifruti1647

Arabia

510549698Analyzed
1v1 RM · 1d ago on Oct 1, 2026· 31m 17s· 2 players
Game mode
Random Map
Map size
Tiny (2 player)
Population
200
Speed
Normal
Resources
Standard
Victory
Conquest
Starting age
Dark Age
Ending age
Imperial Age
RankedLock teamsTeams togetherTeam positionsShared explorationLock speedFull tech treeHidden civsTurbo modeCheats
Victory
Defeat
🇦🇷 Franks · Argentina
1414
+16
🇨🇳 Britons · China
1411
-16
虎头彪
9:13 Feudal Age
7:29 Loom
9:20 Feudal Age
12:28 Horse Collar
14:25 Double-Bit Axe
21:50 Castle Age
21:08 Fletching
22:01 Pikeman
22:15 Crossbowman
24:42 Gold Mining
26:03 Bodkin Arrow
27:14 Heavy Plow
27:41 Scale Mail Armor
28:15 Squires
29:20 Bow Saw
31:44 Wheelbarrow
Tutifruti1647
6:46 Loom
8:53 Feudal Age
10:37 Double-Bit Axe
19:27 Castle Age
19:07 Scale Barding Armor
20:21 Wheelbarrow
20:01 Forging
19:44 Gold Mining
23:28 Chain Barding Armor
29:24 Town Watch
Connection lost

Rejoining the realm…

Still unreachable

The connection could not be restored.

Session expired

The server has moved on; the page needs a fresh start.